 Dungeon Crawl Stone Soup version 0.28.0-53-g5a82cb258f (webtiles) character file.

Game seed: 9375225074570214703

9 Sin92 the Skirmisher (level 2, -1/24 HPs)
             Began as a Demonspawn Fighter on July 2, 2022.
             Slain by a quokka (3 damage)
             ... on level 1 of the Dungeon.
             The game lasted 00:00:23 (78 turns).

Sin92 the Skirmisher (Demonspawn Fighter)             Turns: 78, Time: 00:00:24

Health: -1/24      AC:  7    Str: 16    XL:     2   Next: 3%
Magic:  2/2        EV:  8    Int:  9    God:
Gold:   0          SH:  4    Dex: 12    Spells: 1/1 levels left

rFire   . . .      SeeInvis .   a - +0 trident
rCold   . . .      Faith    .   c - +0 buckler
rNeg    . . .      Spirit   .   b - +1 scale mail
rPois   .          Reflect  .   (no helmet)
rElec   .          Harm     .   (no cloak)
rCorr   .          Rampage  .   (no gloves)
Will    .....                   (no boots)
Stlth   ..........              (no amulet)
HPRegen 0.08/turn               (no ring)
MPRegen 0.08/turn               (no ring)

@: no status effects
A: ignite blood 1
a: no special abilities


You were on level 1 of the Dungeon.
You visited 1 branch of the dungeon, and saw 1 of its levels.

Inventory:

Hand Weapons
 a - a +0 trident (weapon)
Armour
 b - a +1 scale mail (worn)
 c - a +0 buckler (worn)
Scrolls
 f - a scroll of noise {unknown}
Potions
 d - a potion of might


   Skills:
 + Level 3.1 Fighting
 + Level 2.0 Polearms
 + Level 2.8 Armour
 + Level 2.8 Shields


You had one spell level left.
You didn't know any spells.
Your spell library was empty.

Dungeon Overview and Level Annotations

Branches:
Dungeon (1/15)

Altars:


Innate Abilities, Weirdness & Mutations

Your demonic aura sometimes causes spilled blood to erupt in flames.


Message History

The kobold hits you but does no damage.
There are monsters nearby!
You are too injured to fight recklessly!
There are monsters nearby!
You are too injured to fight recklessly!
There are monsters nearby!
You are too injured to fight recklessly!
The kobold hits you but does no damage.
The quokka twitches its whiskers.
You hit the quokka but do no damage. The quokka bites you.
* * * LOW HITPOINT WARNING * * *
You block the quokka's attack.
You hit the quokka but do no damage.
The quokka bites you but does no damage.
You miss the quokka. The quokka bites you.
* * * LOW HITPOINT WARNING * * *
The quokka closely misses you.
You puncture the quokka!
You kill the quokka!
Your Polearms skill increases to level 2!
Unknown command.
You closely miss the kobold. The kobold hits you with a +0 club.
* * * LOW HITPOINT WARNING * * *
Okay, then.
As you read the scroll labelled HIGGEE GEAMYL, it crumbles to dust.
It is a scroll of enchant armour.
Your +0 scale mail glows green for a moment.
The kobold hits you but does no damage.
Unknown command.
You closely miss the kobold. You block the kobold's attack.
The kobold closely misses you.
You barely miss the kobold. The kobold barely misses you.
You puncture the kobold!
You kill the kobold!
You have reached level 2!
Your demonic ancestry asserts itself...
Your blood heats up.
You closely miss the quokka. The quokka barely misses you. x2
You closely miss the quokka. The quokka bites you.
You die...

#.......###### ##...
#............#### ###.
#............##.## #.
#.......###..##..# ##
#.........#..#...###
####..#.#.#........#######
#. #.....######...#.... #
###r### ###...##. #@#
####... #.......# #......
#..###..# #...#### # #..#
... #... .. #.... . #...#
.....


You could see a quokka.

Vanquished Creatures
  A bat (D:1)
  A goblin (D:1)
  2 kobolds (D:1)
  2 quokkas (D:1)
  A ball python (D:1)
7 creatures vanquished.

Notes
Turn   | Place    | Note
-------+----------+-------------------------------------------
     0 | D:1      | Sin92 the Demonspawn Fighter began the quest for the Orb.
     0 | D:1      | Reached XP level 1. HP: 18/18 MP: 1/1
    77 | D:1      | Gained mutation: Your demonic aura sometimes causes spilled
                  | blood to erupt in flames. [demonic ancestry]
    77 | D:1      | Reached XP level 2. HP: 2/24 MP: 2/2
    78 | D:1      | Slain by a quokka

Illustrated notes

Levels and vault maps discovered:
D:1:      dpeg_arrival_arbitrary_a, layout_loops_ring,
          shapermc_ecumenical_altar_ellora

Skill      XL: |  1 |
---------------+----+-----
Polearms       | 2 |  2.0
Fighting       | |  3.1
Armour         | |  2.8
Shields        | |  2.8

Action                   || total
-------------------------++-------
Melee: Trident           ||    23
  Use: Scroll            ||     1
Armor: Scale mail        ||     8
Dodge: Dodged            ||    15
Block: Buckler           ||     3
